Workbook

Sheet Presupuesto
A1: Secretaría Distrital de Ambiente Oficina de Tecnologías de la Información y la Comunicación
A2: OBJETO DEL PROCESO: Renovación del Licenciamiento, Soporte y Actualización de Seguridad Perimetral con la que cuenta la Secretaria Distrital de Ambiente.
A3: PRESUPUESTO EN COP$
A4: ITEM | B4: DESCRIPCIÓN DEL BIEN Y/O SERVICIO | C4: UNIDAD DE MEDIDA | D4: VIGENCIA | E4: CANTIDAD | F4: VALOR UNITARIO ANTES DE IVA | G4: VALOR UNITARIO IVA INCLUIDO | H4: VALOR TOTAL
A5: 1 | B5: Renovación 2 Licencias, Enterprise Protection Bundle with Forticare Premiun. Equipo: FORTIGATE 601E. Seriales: FG6H1ETB21904408 y FG6H1ETB21904413 | C5: Licencia | D5: 1 año | E5: 2 | F5: =+'ÍTEM 1'!B19 -> 63000000 | G5: =+F5*1.19 -> 74970000 | H5: =+E5*G5 -> 149940000
A6: 2 | B6: Renovación 1 (1) Liciencia, FortiWeb Standard Bundle con 500 Mbps de Throughput. Equipo: FORTIWEB 400F. Seriales: FV400FT924000547. | C6: Licencia | D6: 1 año | E6: 1 | F6: =+'ÍTEM 2'!B19 -> 39000000 | G6: =+F6*1.19 -> 46410000 | H6: =+E6*G6 -> 46410000
A7: 3 | B7: Renovación 1 Licencia, FortiCare Premium Support and FortiGuard IOC con mínimo 100 GB/logs por día, y hasta 50 días de analítica.. Equipo: FORTIANALYZER 300G Plataforma de Log y reports. Serial:FL-4HE3R17900388 | C7: Licencia | D7: 1 año | E7: 1 | F7: =+'ÍTEM 3'!B19 -> 45000000 | G7: =+F7*1.19 -> 53550000 | H7: =+E7*G7 -> 53550000
A8: 4 | B8: Servicio de soporte, configuración, actualización, mantenimientos correctivos ante fallas, daños de los equipos, servicios profesionales de configuraciones cuando sea requerido y reemplazo de equipos si fuera necesario por el término de doce (12) meses sobre la infraestructura de seguridad perimetral con la que cuenta la entidad. | C8: Servicio | D8: 1 año | E8: 1 | F8: =+'ÍTEM 4'!B19 -> 60000000 | G8: =+F8*1.19 -> 71400000 | H8: =+E8*G8 -> 71400000
A9: TOTAL PRESUPUESTO | H9: =SUM(H5:H8) -> 321300000
G12: ANTES DE IVA | H12: =+H9/1.19 -> 270000000
G13: IVA | H13: =+H9-H12 -> 51300000

Sheet Tabla 22
A1: ITEM | B1: ANÁLISIS ESTADÍSTICO VALORES UNITARIOS ANTES DE IVA EN COP$
B2: MENOR VALOR | C2: PROMEDIO | D2: MEDIANA | E2: MEDIA GEOMETRICA | F2: DESVIACIÓN ESTÁNDAR | G2: COEFICIENTE DE VARIACIÓN | H2: LÍMITE INFERIOR | I2: LÍMITE SUPERIOR | J2: VALOR DE REFERENCIA UNITARIO ELEGIDO AJUSTADO A ENTERO EN MILLONES | K2: DIFERENCIA ENTRE LIMITE INFERIOR Y PRECIO DE REFERENCIA
K3: NOMINAL | L3: %
A4: 1 | B4: 64380002 | C4: 65406563 | D4: 64957408 | E4: 65397867 | F4: 1069783.2 | G4: =+F4/C4 -> 0.0163559 | H4: 63887625 | I4: 66027191 | J4: 63000000 | K4: =J4-H4 -> -887624.79 | L4: =K4/H4 -> -0.013893532
A5: 2 | B5: 39849862 | C5: 40485282 | D5: 40207265 | E5: 40479899 | F5: 662173.44 | G5: =+F5/C5 -> 0.016355905 | H5: 39545092 | I5: 40869438 | J5: 39000000 | K5: =J5-H5 -> -545091.56 | L5: =K5/H5 -> -0.013784051
A6: 3 | B6: 45873321 | C6: 46604787 | D6: 46284746 | E6: 46598590 | F6: 762263.24 | G6: =+F6/C6 -> 0.0163559 | H6: 45522483 | I6: 47047009 | J6: 45000000 | K6: =J6-H6 -> -522482.76 | L6: =K6/H6 -> -0.011477466
A7: 4 | B7: 63943403 | C7: 64963003 | D7: 64516894 | E7: 64954365 | F7: 1062528.5 | G7: =+F7/C7 -> 0.016355901 | H7: 63454366 | I7: 65579422 | J7: 60000000 | K7: =J7-H7 -> -3454365.5 | L7: =K7/H7 -> -0.05443858

Sheet Estructura del costo
A1: Secretaría Distrital de Ambiente Oficina de Tecnologías de la Información y la Comunicación
A2: OBJETO DEL PROCESO: Renovación del Licenciamiento, Soporte y Actualización de Seguridad Perimetral con la que cuenta la Secretaria Distrital de Ambiente.
A3: COMPONENTES DEL COSTO COP$
A4: ITEM | B4: COMPONENTE | C4: VALOR UNITARIO IVA INCLUIDO | D4: VALOR TOTAL | E4: PARTICIPACIÓN %
A5: 1 | B5: FortiGate 601E – 2 licencias | C5: 76041000 | D5: 152082000 | E5: =+D5/D9 -> 0.46254072
A6: 2 | B6: FortiWeb 400F – 1 licencia | C6: 47005000 | D6: 47005000 | E6: =+D6/D9 -> 0.14296055
A7: 3 | B7: FortiAnalyzer 300G | C7: 54145000 | D7: 54145000 | E7: =+D7/D9 -> 0.16467608
A8: 4 | B8: Servicio de soporte integral | C8: 75565000 | D8: 75565000 | E8: =+D8/D9 -> 0.22982266
A9: TOTAL COSTO | C9: =SUM(C5:C8) -> 252756000 | D9: =SUM(D5:D8) -> 328797000 | E9: =SUM(E5:E8) -> 1
B15: 63900000 | C15: 76041000 | D15: 152082000
B16: 39500000 | C16: 47005000 | D16: 47005000
B17: 45500000 | C17: 54145000 | D17: 54145000
B18: 63500000 | C18: 75565000 | D18: 75565000

Sheet Cotizaciones
A1: EMPRESAS COTIZANTES EC-050-2026
A2: Entidad | B2: NIT
A3: IO Gestión SAS | B3: 900554321
A4: E&C Ingenieros SAS | B4: 900024202
A5: Projectcol SAS | B5: 901110407
A6: Networktec SAS | B6: 901856346
A9: TAMAÑO EMPRESARIAL
A10: Entidad | B10: NIT | C10: Tamaño | D10: Mi Pyme
A11: =+A3 -> IO Gestión SAS | B11: =+B3 -> 900554321 | C11: Mediana Empresa | D11: SI
A12: =+A4 -> E&C Ingenieros SAS | B12: =+B4 -> 900024202 | C12: Mediana Empresa | D12: SI
A13: =+A5 -> Projectcol SAS | B13: =+B5 -> 901110407 | C13: Mediana Empresa | D13: SI
A14: =+A6 -> Networktec SAS | B14: =+B6 -> 901856346 | C14: Microempresa | D14: SI
A17: VALOR TOTAL EN COP$ COTIZACIONES
A18: Entidad | B18: NIT | C18: Valor COP$
A19: =+A3 -> IO Gestión SAS | B19: =+B3 -> 900554321 | C19: 6.1317273e+08
A20: =+A4 -> E&C Ingenieros SAS | B20: =+B4 -> 900024202 | C20: 6.7494115e+08
A21: =+A5 -> Projectcol SAS | B21: =+B5 -> 901110407 | C21: 6.4968946e+08
A22: =+A6 -> Networktec SAS | B22: =+B6 -> 901856346 | C22: 6.5551634e+08
A24: INDICADORES
A25: Promedio | B25: =AVERAGE(C22:C22) -> 6.5551634e+08
A26: Media Geométrica | B26: =GEOMEAN(C19:C22) -> 6.4793959e+08
A27: Mediana | B27: =MEDIAN(C19:C22) -> 6.526029e+08
A28: Desviación Estándar | B28: =_xlfn.STDEV.P(C19:C22) -> 22347700
A29: Límite Superior | B29: =+B27+B28 -> 6.749506e+08
A30: Límite Inferior | B30: =+B27-B28 -> 6.302552e+08
A31: Valor Máximo | B31: =MAX(C19:C22) -> 6.7494115e+08
A32: Valor Mínimo | B32: =MIN(C19:C22) -> 6.1317273e+08

Sheet SECOP II

Sheet ÍTEM 1
A1: ÍTEM 1
A2: ANÁLISIS PRECIOS UNITARIOS ANTES DE IVA EN COP$
A3: Renovación 2 Licencias, Enterprise Protection Bundle with Forticare Premiun. Equipo: FORTIGATE 601E. Seriales: FG6H1ETB21904408 y FG6H1ETB21904413
A4: COTIZANTE | B4: VALOR COP $
A5: =+Cotizaciones!A4 -> E&C Ingenieros SAS | B5: 66882280
A6: =+Cotizaciones!A5 -> Projectcol SAS | B6: 64380002
A7: =+Cotizaciones!A6 -> Networktec SAS | B7: 64957408
A8: Indicadores
A9: Promedio | B9: =AVERAGE(B5:B7) -> 65406563
A10: Mediana | B10: =MEDIAN(B5:B7) -> 64957408
A11: Media Geométrica | B11: =GEOMEAN(B5:B7) -> 65397867
A12: Desviación Estándar | B12: =_xlfn.STDEV.P(B5:B7) -> 1069783.2
A13: Límite Superior | B13: =+B10+B12 -> 66027191
A14: Límite Inferior | B14: =+B10-B12 -> 63887625
A15: Valor Máximo | B15: =MAX(B5:B7) -> 66882280
A16: Valor Mínimo | B16: =MIN(B5:B7) -> 64380002
A17: Se escoge para Presupuesto | B17: Límite Inferior
A18: Valor en COP$ | B18: =+B14 -> 63887625
A19: Valor Para Presupuesto | B19: 63000000

Sheet ÍTEM 2
A1: ÍTEM 2
A2: ANÁLISIS PRECIOS UNITARIOS ANTES DE IVA EN COP$
A3: Renovación una (1) Licencia, FortiWeb Standard Bundle con 500 Mbps de Throughput. Equipo: FORTIWEB 400F. Seriales: FV400FT924000547.
A4: COTIZANTE | B4: VALOR COP $
A5: =+Cotizaciones!A4 -> E&C Ingenieros SAS | B5: 41398720
A6: =+Cotizaciones!A5 -> Projectcol SAS | B6: 39849862
A7: =+Cotizaciones!A6 -> Networktec SAS | B7: 40207265
A8: Indicadores
A9: Promedio | B9: =AVERAGE(B5:B7) -> 40485282
A10: Mediana | B10: =MEDIAN(B5:B7) -> 40207265
A11: Media Geométrica | B11: =GEOMEAN(B5:B7) -> 40479899
A12: Desviación Estándar | B12: =_xlfn.STDEV.P(B5:B7) -> 662173.44
A13: Límite Superior | B13: =+B10+B12 -> 40869438
A14: Límite Inferior | B14: =+B10-B12 -> 39545092
A15: Valor Máximo | B15: =MAX(B5:B7) -> 41398720
A16: Valor Mínimo | B16: =MIN(B5:B7) -> 39849862
A17: Se escoge para Presupuesto | B17: Límite Inferior
A18: Valor en COP$ | B18: =+B14 -> 39545092
A19: Valor Para Presupuesto | B19: 39000000

Sheet ÍTEM 3
A1: ÍTEM 3
A2: ANÁLISIS PRECIOS UNITARIOS ANTES DE IVA EN COP$
A3: Renovación 1 Licencia, FortiCare Premium Support and FortiGuard IOC con mínimo 100 GB/logs por día, y hasta 50 días de analítica.. Equipo: FORTIANALYZER 300G Plataforma de Log y reports. Serial:FL-4HE3R17900388
A4: COTIZANTE | B4: VALOR COP $
A5: =+Cotizaciones!A4 -> E&C Ingenieros SAS | B5: 47656294
A6: =+Cotizaciones!A5 -> Projectcol SAS | B6: 45873321
A7: =+Cotizaciones!A6 -> Networktec SAS | B7: 46284746
A8: Indicadores
A9: Promedio | B9: =AVERAGE(B5:B7) -> 46604787
A10: Mediana | B10: =MEDIAN(B5:B7) -> 46284746
A11: Media Geométrica | B11: =GEOMEAN(B5:B7) -> 46598590
A12: Desviación Estándar | B12: =_xlfn.STDEV.P(B5:B7) -> 762263.24
A13: Límite Superior | B13: =+B10+B12 -> 47047009
A14: Límite Inferior | B14: =+B10-B12 -> 45522483
A15: Valor Máximo | B15: =MAX(B5:B7) -> 47656294
A16: Valor Mínimo | B16: =MIN(B5:B7) -> 45873321
A17: Se escoge para Presupuesto | B17: Límite Inferior
A18: Valor en COP$ | B18: =+B14 -> 45522483
A19: Valor Para Presupuesto | B19: 45000000

Sheet ÍTEM 4
A1: ÍTEM 4
A2: ANÁLISIS PRECIOS UNITARIOS ANTES DE IVA EN COP$
A3: Servicio de soporte, configuración, actualización, mantenimientos correctivos ante fallas, daños de los equipos, servicios profesionales de configuraciones cuando sea requerido y reemplazo de equipos si fuera necesario por el término de doce (12) meses sobre la infraestructura de seguridad perimetral con la que cuenta la entidad.
A4: COTIZANTE | B4: VALOR COP $
A5: =+Cotizaciones!A4 -> E&C Ingenieros SAS | B5: 66428712
A6: =+Cotizaciones!A5 -> Projectcol SAS | B6: 63943403
A7: =+Cotizaciones!A6 -> Networktec SAS | B7: 64516894
A8: Indicadores
A9: Promedio | B9: =AVERAGE(B5:B7) -> 64963003
A10: Mediana | B10: =MEDIAN(B5:B7) -> 64516894
A11: Media Geométrica | B11: =GEOMEAN(B5:B7) -> 64954365
A12: Desviación Estándar | B12: =_xlfn.STDEV.P(B5:B7) -> 1062528.5
A13: Límite Superior | B13: =+B10+B12 -> 65579422
A14: Límite Inferior | B14: =+B10-B12 -> 63454366
A15: Valor Máximo | B15: =MAX(B5:B7) -> 66428712
A16: Valor Mínimo | B16: =MIN(B5:B7) -> 63943403
A17: Se escoge para Presupuesto | B17: Límite Inferior
A18: Valor en COP$ | B18: =+B14 -> 63454366
A19: Valor Para Presupuesto | B19: 60000000

Sheet Pres ítem 1
A1: ITEM | B1: DESCRIPCIÓN DEL BIEN Y/O SERVICIO | C1: UNIDAD DE MEDIDA | D1: VIGENCIA | E1: CANTIDAD | F1: VALOR UNITARIO ANTES DE IVA | G1: VALOR UNITARIO IVA INCLUIDO | H1: VALOR TOTAL
A2: 1 | B2: Renovación 2 Licencias, Enterprise Protection Bundle with Forticare Premiun. Equipo: FORTIGATE 601E. Seriales: FG6H1ETB21904408 y FG6H1ETB21904413 | C2: Licencia | D2: 1 año | E2: 2 | F2: =+'ÍTEM 1'!B19 -> 63000000 | G2: =+F2*1.19 -> 74970000 | H2: =+E2*G2 -> 149940000

Sheet Pres ítem  2
A1: ITEM | B1: DESCRIPCIÓN DEL BIEN Y/O SERVICIO | C1: UNIDAD DE MEDIDA | D1: VIGENCIA | E1: CANTIDAD | F1: VALOR UNITARIO ANTES DE IVA | G1: VALOR UNITARIO IVA INCLUIDO | H1: VALOR TOTAL
A2: 2 | B2: Renovación una (1) Liciencia, FortiWeb Standard Bundle con 500 Mbps de Throughput. Equipo: FORTIWEB 400F. Seriales: FV400FT924000547. | C2: Licencia | D2: 1 año | E2: 1 | F2: =+Presupuesto!F6 -> 39000000 | G2: =+F2*1.19 -> 46410000 | H2: =+E2*G2 -> 46410000

Sheet Pres ítem  3
A1: ITEM | B1: DESCRIPCIÓN DEL BIEN Y/O SERVICIO | C1: UNIDAD DE MEDIDA | D1: VIGENCIA | E1: CANTIDAD | F1: VALOR UNITARIO ANTES DE IVA | G1: VALOR UNITARIO IVA INCLUIDO | H1: VALOR TOTAL
A2: 3 | B2: Renovación 1 Licencia, FortiCare Premium Support and FortiGuard IOC con mínimo 100 GB/logs por día, y hasta 50 días de analítica.. Equipo: FORTIANALYZER 300G Plataforma de Log y reports. Serial:FL-4HE3R17900388 | C2: Licencia | D2: 1 año | E2: 1 | F2: =+Presupuesto!F7 -> 45000000 | G2: =+F2*1.19 -> 53550000 | H2: =+E2*G2 -> 53550000

Sheet Pres ítem 4
A1: ITEM | B1: DESCRIPCIÓN DEL BIEN Y/O SERVICIO | C1: UNIDAD DE MEDIDA | D1: VIGENCIA | E1: CANTIDAD | F1: VALOR UNITARIO ANTES DE IVA | G1: VALOR UNITARIO IVA INCLUIDO | H1: VALOR TOTAL
A2: 4 | B2: Servicio de soporte, configuración, actualización, mantenimientos correctivos ante fallas, daños de los equipos, servicios profesionales de configuraciones cuando sea requerido y reemplazo de equipos si fuera necesario por el término de doce (12) meses sobre la infraestructura de seguridad perimetral con la que cuenta la entidad. | C2: Servicio | D2: 1 año | E2: 1 | F2: =+Presupuesto!F8 -> 60000000 | G2: =+F2*1.19 -> 71400000 | H2: =+E2*G2 -> 71400000

Sheet Hoja1
F1: E&C INGENIEROS S.A.S. | G1: PROJECTCOL SAS | H1: NETWORKTEC
A2: ÍTEM | B2: DESCRIPCIÓN DEL BIEN Y/O SERVICIO | C2: UNIDAD DE MEDIDA | D2: VIGENCIA | E2: CANTIDAD | F2: VALOR UNITARIO INCLUIDO IVA | G2: VALOR UNITARIO INCLUIDO IVA | H2: VALOR UNITARIO INCLUIDO IVA
A3: 1 | B3: Renovación 2 Licencias, Enterprise Protection Bundle with Forticare Premiun. Equipo: FORTIGATE 601E. Seriales: FG6H1ETB21904408 y FG6H1ETB21904413 | C3: Licencia | D3: 1 año | E3: 2 | F3: 79589913 | G3: 76612202 | H3: 77299316
A4: 2 | B4: Renovación 2 Liciencias, FortiWeb Standard Bundle con 500 Mbps de Throughput. Equipo: FORTIWEB 400F. Seriales: FV400FT924000547 y FV400FT924000489 | C4: Licencia | D4: 1 año | E4: 1 | F4: 49264477 | G4: 47421336 | H4: 47846645
A5: 3 | B5: Renovación 1 Licencia, FortiCare Premium Support and FortiGuard IOC con mínimo 100 GB/logs por día, y hasta 50 días de analítica.. Equipo: FORTIANALYZER 300G Plataforma de Log y reports. Serial:FL-4HE3R17900388 | C5: Licecia | D5: 1 año | E5: 1 | F5: 56710990 | G5: 54589252 | H5: 55078848
A6: 4 | B6: Servicio de soporte, configuración, actualización, mantenimientos correctivos ante fallas, daños de los equipos, servicios profesionales de configuraciones cuando sea requerido y reemplazo de equipos si fuera necesario por el término de doce (12) meses sobre la infraestructura de seguridad perimetral con la que cuenta la entidad. | C6: Servicio | D6: 1 año | E6: 1 | F6: 79050167 | G6: 76092650 | H6: 76775104
